| TOP OF THE 1ST |
|
Oakland (APP) Athletics batting - Pitching for Pulaski Yankees : RHP Tony Black
|
|
Pitching: RHP Tony Black
|
|
|
Batting: RHB Colin Coleman
|
0-0: Called Strike 0-1: Foul Ball, location: 2F 0-2: Ball 1-2: Strikes out swinging
|
|
Batting: RHB Steve Blackshear
|
0-0: Foul Ball, location: 2F 0-1: Ball 1-1: Foul Ball, location: 2F 1-2: Strikes out swinging
|
|
Batting: RHB Matt Black
|
0-0: Ground out 5-3 (Groundball, 56S, EV 94.4 MPH)
|
| Top of the 1st over - 0 runs, 0 hits, 0 errors, 0 left on base; Oakland (APP) 0 - Pulaski 0 |
| BOTTOM OF THE 1ST |
|
Pulaski Yankees batting - Pitching for Oakland (APP) Athletics : RHP Jesus Gonzales
|
|
Pitching: RHP Jesus Gonzales
|
|
|
Batting: LHB Joel Vera
|
0-0: Ball 1-0: Ball 2-0: Ball 3-0: Base on Balls
|
|
Batting: LHB Dan Morris
|
0-0: Called Strike Joel Vera is caught stealing 2nd base 2-6 0-1: Ball 1-1: Called Strike 1-2: Strikes out looking
|
|
Batting: SHB Blake Abbott
|
0-0: Ball 1-0: Foul Ball, location: 2F 1-1: Called Strike 1-2: Ball 2-2: Ball 3-2: Base on Balls
|
|
Batting: RHB Mike Gifford
|
0-0: Called Strike 0-1: Foul Ball, location: 2F 0-2: Ball 1-2: Ball 2-2: Ball 3-2: Base on Balls Blake Abbott to second
|
|
Batting: RHB Bobby Melillo
|
0-0: Ball 1-0: Ball 2-0: Called Strike 2-1: Swinging Strike 2-2: Foul Ball, location: 2F 2-2: Ground out 4-3 (Groundball, 4, EV 82.5 MPH)
|
| Bottom of the 1st over - 0 runs, 0 hits, 0 errors, 2 left on base; Oakland (APP) 0 - Pulaski 0 |
| TOP OF THE 2ND |
|
Oakland (APP) Athletics batting - Pitching for Pulaski Yankees : RHP Tony Black
|
|
Batting: RHB Josh Whaley
|
0-0: Swinging Strike 0-1: Ball 1-1: Ball 2-1: Ball 3-1: Base on Balls
|
|
Batting: LHB Augustin Cormier
|
0-0: Ball 1-0: Ball 2-0: Ball 3-0: Foul Ball, location: 2F 3-1: Base on Balls Josh Whaley to second
|
|
Batting: RHB Chris Temple
|
0-0: Ball 1-0: Called Strike 1-1: Ball 2-1: Fielders Choice at 2nd, 4-6 (Groundball, 34, EV 105.6 MPH) Josh Whaley to third
|
|
Batting: LHB Al Soltero
|
0-0: Ball 1-0: Grounds into double play, 5-4-3 (Groundball, 56S, EV 80.6 MPH)
|
| Top of the 2nd over - 0 runs, 0 hits, 0 errors, 1 left on base; Oakland (APP) 0 - Pulaski 0 |
| BOTTOM OF THE 2ND |
|
Pulaski Yankees batting - Pitching for Oakland (APP) Athletics : RHP Jesus Gonzales
|
|
Batting: SHB Victor Ruiz
|
0-0: Ball 1-0: Ball 2-0: Swinging Strike 2-1: Called Strike 2-2: Strikes out looking
|
|
Batting: RHB Johannes Gutermuth
|
0-0: Ball 1-0: Called Strike 1-1: Foul Ball, location: 2F 1-2: DOUBLE (Line Drive, 9LM, EV 104.4 MPH)
|
|
Batting: SHB Joe Fure
|
0-0: Ball Johannes Gutermuth steals 3rd base 1-0: Ball 2-0: Ball 3-0: Called Strike 3-1: Base on Balls
|
|
Batting: RHB Colby Macon
|
0-0: Called Strike 0-1: Swinging Strike 0-2: Ball 1-2: Fielders Choice at 2nd, 4-6 (Groundball, 4, EV 85.0 MPH) Johannes Gutermuth scores
|
|
Batting: LHB Joel Vera
|
0-0: Ball 1-0: Called Strike 1-1: Foul Ball, location: 2F 1-2: Strikes out swinging
|
| Bottom of the 2nd over - 1 run, 1 hit, 0 errors, 1 left on base; Oakland (APP) 0 - Pulaski 1 |
| TOP OF THE 3RD |
|
Oakland (APP) Athletics batting - Pitching for Pulaski Yankees : RHP Tony Black
|
|
Batting: RHB Branden Mackie
|
0-0: Ball 1-0: SINGLE (Flyball, 34D, EV 96.3 MPH)
|
|
Batting: LHB Mark Friedmann
|
0-0: Ground out U3 (Groundball, 34S, EV 63.8 MPH) Branden Mackie to second
|
|
Batting: RHB Colin Coleman
|
0-0: Ball 1-0: Foul Ball, location: 2F 1-1: SINGLE (Line Drive, 34D, EV 98.8 MPH) Branden Mackie to third
|
|
Batting: RHB Steve Blackshear
|
0-0: Ball Colin Coleman steals 2nd base 1-0: Ball 2-0: Ball 3-0: Base on Balls
|
|
Batting: RHB Matt Black
|
0-0: Called Strike 0-1: Swinging Strike 0-2: Ball 1-2: Ball 2-2: Ball 3-2: Base on Balls Branden Mackie scores Colin Coleman to third Steve Blackshear to second
|
|
Batting: RHB Josh Whaley
|
0-0: Ball 1-0: Ball 2-0: Ball 3-0: Called Strike 3-1: Base on Balls Colin Coleman scores Steve Blackshear to third Matt Black to second
|
|
Batting: LHB Augustin Cormier
|
0-0: Ball 1-0: Ball Wild Pitch! Steve Blackshear scores Matt Black to third Josh Whaley to second 2-0: Fly out, F9 (Flyball, 89M, EV 87.5 MPH) Runner from 3rd tags up, SCORES, throw by RF
|
|
Batting: RHB Chris Temple
|
0-0: Ground out 4-3 (Groundball, 4S, EV 80.6 MPH)
|
| Top of the 3rd over - 4 runs, 2 hits, 0 errors, 1 left on base; Oakland (APP) 4 - Pulaski 1 |
| BOTTOM OF THE 3RD |
|
Pulaski Yankees batting - Pitching for Oakland (APP) Athletics : RHP Jesus Gonzales
|
|
Batting: LHB Dan Morris
|
0-0: Called Strike 0-1: Ball 1-1: Ball 2-1: Ball 3-1: Base on Balls
|
|
Batting: SHB Blake Abbott
|
0-0: Ball Dan Morris is caught stealing 2nd base 2-6 1-0: Swinging Strike 1-1: Ball 2-1: Swinging Strike 2-2: Ball 3-2: Foul Ball, location: 2F 3-2: Base on Balls
|
|
Batting: RHB Mike Gifford
|
0-0: Called Strike 0-1: Fielders Choice at 2nd, 4-6 (Groundball, 34, EV 81.3 MPH)
|
|
Batting: RHB Bobby Melillo
|
0-0: Ball 1-0: Ball 2-0: Foul Ball, location: 2F 2-1: Swinging Strike 2-2: Fielders Choice at 2nd, 6-4 (Groundball, 6, EV 86.9 MPH)
|
| Bottom of the 3rd over - 0 runs, 0 hits, 0 errors, 1 left on base; Oakland (APP) 4 - Pulaski 1 |
| TOP OF THE 4TH |
|
Oakland (APP) Athletics batting - Pitching for Pulaski Yankees : RHP Tony Black
|
|
Batting: LHB Al Soltero
|
0-0: Called Strike 0-1: Swinging Strike 0-2: Strikes out swinging
|
|
Batting: RHB Branden Mackie
|
0-0: Called Strike 0-1: Foul Ball, location: 2F 0-2: Strikes out swinging, 2-3 out at first.
|
|
Batting: LHB Mark Friedmann
|
0-0: Ball 1-0: Ball 2-0: Called Strike 2-1: Called Strike 2-2: Foul Ball, location: 2F 2-2: Ball 3-2: Strikes out looking
|
| Top of the 4th over - 0 runs, 0 hits, 0 errors, 0 left on base; Oakland (APP) 4 - Pulaski 1 |
| BOTTOM OF THE 4TH |
|
Pulaski Yankees batting - Pitching for Oakland (APP) Athletics : RHP Jesus Gonzales
|
|
Batting: SHB Victor Ruiz
|
0-0: Ball 1-0: Swinging Strike 1-1: Foul Ball, location: 2F 1-2: Strikes out swinging
|
|
Batting: RHB Johannes Gutermuth
|
0-0: Ball 1-0: Ball 2-0: Called Strike 2-1: DOUBLE (Groundball, 5L, EV 103.8 MPH)
|
|
Batting: SHB Joe Fure
|
0-0: Ball Johannes Gutermuth steals 3rd base 1-0: Ball 2-0: Foul Ball, location: 2F 2-1: Foul Ball, location: 2F 2-2: Ball 3-2: Fly out, F8 (Flyball, 8RXD, EV 83.1 MPH) Runner from 3rd tags up, SCORES, no throw by CF
|
|
Batting: RHB Colby Macon
|
0-0: Called Strike 0-1: Foul Ball, location: 2F 0-2: Ball 1-2: Ground out 1-3 (Groundball, 15, EV 67.5 MPH)
|
| Bottom of the 4th over - 1 run, 1 hit, 0 errors, 0 left on base; Oakland (APP) 4 - Pulaski 2 |
| TOP OF THE 5TH |
|
Oakland (APP) Athletics batting - Pitching for Pulaski Yankees : RHP Tony Black
|
|
Batting: RHB Colin Coleman
|
0-0: Ball 1-0: Called Strike 1-1: Ground out 3-1 (Groundball, 34S, EV 86.9 MPH)
|
|
Batting: RHB Steve Blackshear
|
0-0: Called Strike 0-1: Ground out 5-3 (Groundball, 5, EV 78.8 MPH)
|
|
Batting: RHB Matt Black
|
0-0: Ball 1-0: Ball 2-0: Ball 3-0: Called Strike 3-1: Foul Ball, location: 2F 3-2: Base on Balls
|
|
Batting: RHB Josh Whaley
|
0-0: Foul Ball, location: 2F 0-1: Ball 1-1: Called Strike 1-2: Strikes out swinging
|
| Top of the 5th over - 0 runs, 0 hits, 0 errors, 1 left on base; Oakland (APP) 4 - Pulaski 2 |
| BOTTOM OF THE 5TH |
|
Pulaski Yankees batting - Pitching for Oakland (APP) Athletics : RHP Jesus Gonzales
|
|
Pitching: LHP Kalaida Steedman
|
|
|
Batting: LHB Joel Vera
|
0-0: Foul Ball, location: 2F 0-1: Foul Ball, location: 2F 0-2: Ball 1-2: Foul Ball, location: 2F 1-2: Ball 2-2: Foul Ball, location: 2F 2-2: SINGLE (Groundball, 4S, EV 67.5 MPH) (infield hit)
|
|
Batting: LHB Dan Morris
|
0-0: Foul Ball, location: 2F 0-1: Ball 1-1: Fly out, F6 (Flyball, 6D, EV 76.9 MPH)
|
|
Batting: SHB Blake Abbott
|
0-0: Ball Joel Vera steals 2nd, throwing error, E2 Joel Vera to third 1-0: Called Strike Steal of home, Joel Vera is out 1-1: Called Strike 1-2: Foul Ball, location: 2F 1-2: Strikes out swinging
|
| Bottom of the 5th over - 0 runs, 1 hit, 1 error, 0 left on base; Oakland (APP) 4 - Pulaski 2 |
| TOP OF THE 6TH |
|
Oakland (APP) Athletics batting - Pitching for Pulaski Yankees : RHP Tony Black
|
|
Batting: LHB Augustin Cormier
|
0-0: Called Strike 0-1: Ball 1-1: Ball 2-1: Swinging Strike 2-2: Strikes out looking
|
|
Pitching: RHP Bobby Savoy
|
|
|
Batting: RHB Chris Temple
|
0-0: Called Strike 0-1: Swinging Strike 0-2: Fly out, F3 (Line Drive, 3, EV 66.9 MPH)
|
|
Batting: LHB Al Soltero
|
0-0: Called Strike 0-1: Ball 1-1: Swinging Strike 1-2: Ball 2-2: Ball 3-2: Foul Ball, location: 2F 3-2: Foul Ball, location: 2F 3-2: Base on Balls
|
|
Batting: RHB Branden Mackie
|
0-0: Called Strike 0-1: Swinging Strike 0-2: Ball 1-2: Strikes out looking
|
| Top of the 6th over - 0 runs, 0 hits, 0 errors, 1 left on base; Oakland (APP) 4 - Pulaski 2 |
| BOTTOM OF THE 6TH |
|
Pulaski Yankees batting - Pitching for Oakland (APP) Athletics : LHP Kalaida Steedman
|
|
Batting: RHB Mike Gifford
|
0-0: Ball 1-0: Called Strike 1-1: Foul Ball, location: 2F 1-2: Strikes out swinging
|
|
Batting: RHB Bobby Melillo
|
0-0: Ball 1-0: Ball 2-0: Called Strike 2-1: Ball 3-1: Swinging Strike 3-2: Foul Ball, location: 2F 3-2: Ground out 5-3 (Groundball, 56, EV 86.3 MPH)
|
|
Batting: SHB Victor Ruiz
|
0-0: Ball 1-0: Foul Ball, location: 2F 1-1: Swinging Strike 1-2: Foul Ball, location: 2F 1-2: Strikes out looking
|
| Bottom of the 6th over - 0 runs, 0 hits, 0 errors, 0 left on base; Oakland (APP) 4 - Pulaski 2 |
| TOP OF THE 7TH |
|
Oakland (APP) Athletics batting - Pitching for Pulaski Yankees : RHP Bobby Savoy
|
|
Pitching: RHP Bill Kaiser
|
|
|
Batting: LHB Mark Friedmann
|
0-0: Called Strike 0-1: Swinging Strike 0-2: Ground out U3 (Groundball, 34, EV 104.4 MPH)
|
|
Batting: RHB Colin Coleman
|
0-0: SINGLE (Groundball, 34D, EV 105.6 MPH)
|
|
Batting: RHB Steve Blackshear
|
0-0: Ball 1-0: Fly out, F8 (Flyball, 78D, EV 101.9 MPH)
|
|
Batting: RHB Matt Black
|
0-0: Ball 1-0: Ball 2-0: Called Strike 2-1: Ball Colin Coleman steals 2nd base (no throw) 3-1: Called Strike 3-2: Strikes out looking
|
| Top of the 7th over - 0 runs, 1 hit, 0 errors, 1 left on base; Oakland (APP) 4 - Pulaski 2 |
| BOTTOM OF THE 7TH |
|
Pulaski Yankees batting - Pitching for Oakland (APP) Athletics : LHP Kalaida Steedman
|
|
Pitching: RHP Jalen Cobbins
|
|
|
Batting: RHB Johannes Gutermuth
|
0-0: Called Strike 0-1: Ball 1-1: Ball 2-1: Foul Ball, location: 2F 2-2: DOUBLE (Line Drive, 5D, EV 98.8 MPH)
|
|
Batting: SHB Joe Fure
|
0-0: Ball 1-0: Called Strike 1-1: Swinging Strike 1-2: Strikes out swinging
|
|
Batting: RHB Colby Macon
|
0-0: Ball 1-0: Called Strike 1-1: Swinging Strike 1-2: Strikes out swinging
|
|
Batting: LHB Joel Vera
|
0-0: Ball 1-0: Ground out 2-3 (Groundball, 2L, EV 70.0 MPH)
|
| Bottom of the 7th over - 0 runs, 1 hit, 0 errors, 1 left on base; Oakland (APP) 4 - Pulaski 2 |
| TOP OF THE 8TH |
|
Oakland (APP) Athletics batting - Pitching for Pulaski Yankees : RHP Bill Kaiser
|
|
Pitching: RHP Travis Tate
|
|
|
Batting: RHB Josh Whaley
|
0-0: Ball 1-0: Ball 2-0: Ball 3-0: Called Strike 3-1: Foul Ball, location: 2F 3-2: Foul Ball, location: 2F 3-2: Base on Balls
|
|
Batting: LHB Augustin Cormier
|
0-0: Ball 1-0: Ball 2-0: Called Strike 2-1: Ball 3-1: Foul Ball, location: 2F 3-2: SINGLE (Groundball, 56D, EV 100.0 MPH) Josh Whaley to second
|
|
Batting: RHB Chris Temple
|
0-0: Ball 1-0: Foul Ball, location: 2F 1-1: Called Strike 1-2: Ball 2-2: Strikes out looking
|
|
Batting: LHB Al Soltero
|
0-0: Fielders Choice at 2nd, 4-6 (Groundball, 34, EV 100.6 MPH) Josh Whaley to third
|
|
Batting: RHB Branden Mackie
|
0-0: Called Strike 0-1: Foul Ball, location: 2F 0-2: Ground out U3 (Groundball, 3, EV 96.3 MPH)
|
| Top of the 8th over - 0 runs, 1 hit, 0 errors, 2 left on base; Oakland (APP) 4 - Pulaski 2 |
| BOTTOM OF THE 8TH |
|
Pulaski Yankees batting - Pitching for Oakland (APP) Athletics : RHP Jalen Cobbins
|
|
Batting: LHB Dan Morris
|
0-0: Ball 1-0: Foul Ball, location: 2F 1-1: Ball 2-1: SINGLE (Groundball, 3D, EV 95.0 MPH)
|
|
Batting: SHB Blake Abbott
|
0-0: Ball 1-0: Swinging Strike 1-1: Ball 2-1: Hit by Pitch Dan Morris to second
|
|
Batting: RHB Mike Gifford
|
0-0: Called Strike 0-1: Foul Ball, location: 2F 0-2: Foul Ball, location: 2F 0-2: Ball 1-2: 3-RUN HOME RUN (Flyball, 89XD, EV 100.0 MPH), Distance : 400 ft
|
|
Pitching: RHP Nick Cunningham
|
|
|
Batting: RHB Bobby Melillo
|
0-0: Called Strike 0-1: Swinging Strike 0-2: Ball 1-2: SOLO HOME RUN (Flyball, 7D, EV 98.8 MPH), Distance : 386 ft
|
|
Batting: SHB Victor Ruiz
|
0-0: Called Strike 0-1: Ball 1-1: Foul Ball, location: 2F 1-2: Ball 2-2: Ball 3-2: Foul Ball, location: 2F 3-2: Strikes out looking
|
|
Batting: RHB Johannes Gutermuth
|
0-0: Fly out, F4 (Popup, 34S, EV 78.8 MPH)
|
|
Batting: SHB Joe Fure
|
0-0: Ground out 4-3 (Groundball, 4, EV 86.9 MPH)
|
| Bottom of the 8th over - 4 runs, 3 hits, 0 errors, 0 left on base; Oakland (APP) 4 - Pulaski 6 |
| TOP OF THE 9TH |
|
Oakland (APP) Athletics batting - Pitching for Pulaski Yankees : RHP Travis Tate
|
|
Pitching: RHP John Robidoux
|
|
|
Batting: LHB Mark Friedmann
|
0-0: Ball 1-0: Swinging Strike 1-1: Foul Ball, location: 2F 1-2: Ball 2-2: Strikes out swinging
|
|
Batting: RHB Colin Coleman
|
0-0: Foul Ball, location: 2F 0-1: Ground out 4-3 (Groundball, 4, EV 102.5 MPH)
|
|
Batting: RHB Steve Blackshear
|
0-0: Ball 1-0: Called Strike 1-1: Ball 2-1: Ball 3-1: Foul Ball, location: 2F 3-2: SINGLE (Groundball, 6M, EV 83.8 MPH) (infield hit)
|
|
Batting: RHB Matt Black
|
0-0: Called Strike 0-1: Foul Ball, location: 2F 0-2: Ball 1-2: Strikes out looking
|
| Top of the 9th over - 0 runs, 1 hit, 0 errors, 1 left on base; Oakland (APP) 4 - Pulaski 6 |
|